 Dungeon Crawl Stone Soup version 0.23-a0-299-g9a66eeb (webtiles) character file.

1988 Dmuffinman the Carver (level 9, -5/75 HPs)
             Began as a Minotaur Berserker on Oct 6, 2018.
             Was an Elder of Trog.
             Killed by the air
             ... invoked by Gastronok
              (35 damage)
             ... on level 8 of the Dungeon.
             The game lasted 00:33:46 (5708 turns).

Dmuffinman the Carver (Minotaur Berserker)          Turns: 5708, Time: 00:33:47

Health: -5/75      AC: 13    Str: 24    XL:     9   Next: 1%
Magic:  8/8        EV: 10    Int:  4    God:    Trog [****..]
Gold:   225        SH:  0    Dex: 11    Spells: 8/8 levels left

rFire    . . .     SeeInvis +   d - +0 great sword
rCold    . . .     Gourm    .   (shield currently unavailable)
rNeg     . . .     Faith    .   f - +0 chain mail
rPois    .         Spirit   .   (helmet restricted)
rElec    .         Reflect  .   A - +1 cloak
rCorr    .         Harm     .   (no gloves)
MR       ++...                  a - +0 pair of boots {run}
Stlth    ..........             g - amulet of the acrobat
HPRegen  1.22/turn              h - +5 ring of slaying
MPRegen  0.11/turn              w - ring of see invisible

@: regenerating, quick
A: retaliatory headbutt, horns 2
a: Berserk, Trog's Hand, Brothers in Arms, Renounce Religion


You were on level 8 of the Dungeon.
You worshipped Trog.
Trog was greatly pleased with you.
You were not hungry.

You visited 1 branch of the dungeon, and saw 8 of its levels.

You collected 225 gold pieces.

Inventory:

Hand Weapons
 d - a +0 great sword (weapon)
 F - a +3 long sword
Armour
 a - a +0 pair of boots of running (worn)
 f - a +0 chain mail (worn)
 A - a +1 cloak (worn)
Jewellery
 g - an amulet of the acrobat (around neck)
 h - a +5 ring of slaying (left hand)
 v - an uncursed ring of flight
 w - a ring of see invisible (right hand)
Wands
 p - a wand of iceblast (5)
 r - a wand of flame (56)
Scrolls
 b - 3 scrolls of identify
 k - 2 scrolls of remove curse
 l - 2 scrolls of blinking
 m - 4 scrolls of teleportation
 q - a scroll of immolation
 t - a scroll of magic mapping
 x - 2 scrolls of amnesia
 y - a scroll of vulnerability {unknown}
 D - a scroll of enchant weapon {unknown}
Potions
 e - a potion of might
 i - 5 potions of cancellation {unknown}
 j - 4 potions of ambrosia {unknown}
 n - a potion of heal wounds {unknown}
 o - 5 potions of agility {unknown}
 s - 3 potions of lignification {unknown}
 u - a potion of curing
 C - a potion of mutation {unknown}
 E - a potion of flight {unknown}
Comestibles
 c - 8 rations
 z - 7 chunks of flesh


   Skills:
 + Level 6.2 Fighting
 * Level 11.3 Long Blades
 + Level 5.5 Armour
 * Level 5.1 Dodging
 + Level 0.4 Stealth


You had 8 spell levels left.
You didn't know any spells.
Your spell library was empty.

Dungeon Overview and Level Annotations

Branches:
Dungeon (8/15)             Temple (0/1) D:7
   Lair: D:8-11

Altars:
Cheibriados
Wu Jian
Zin

Shops:
D:6 *

Annotations:
D:8 Gastronok


Innate Abilities, Weirdness & Mutations

You reflexively headbutt those who attack you in melee.
You have a pair of horns on your head.


Message History

You barely miss Gastronok.
Gastronok mumbles some strange words.
Gastronok puts on a burst of speed!
You hit Gastronok but do no damage. You slash Gastronok!
You headbutt Gastronok, but do no damage.
Gastronok is lightly wounded.
Gastronok bites you!!
You slash Gastronok!
Gastronok is lightly wounded.
You slash Gastronok! You headbutt Gastronok.
Gastronok is moderately wounded.
Gastronok bites you!
* * * LOW HITPOINT WARNING * * *
You slash Gastronok!
Gastronok is moderately wounded.
You feel better.
Gastronok waves his eye-stalks in wide circles.
The air twists around and strikes you!
You die...

#..## #...# #.#.#
...# #..# #..#
#.###.(#####.#
#.....†..@w..#
#####.†######....
#..# # #..# #..#
#... #.### #.#


You could see Gastronok.

Vanquished Creatures
  Edmund (D:4)
  An orc warrior (D:6)
  An ice beast (D:6)
  2 phantoms
  The ghost of browni3141 the Sneak, an amateur NaTm (D:3)
  2 ogres (D:6)
  A big kobold (D:7)
  2 bullfrogs (D:6)
  A scorpion (D:5)
  A centaur zombie (D:5)
  3 crimson imps
  2 quasits
  3 hounds
  A jelly (D:5)
  2 orc wizards
  3 orc priests
  2 bullfrog skeletons
  4 centaur skeletons
  Terence (D:3)
  7 worker ants
  A hound skeleton (D:7)
  4 adders
  A shadow imp (D:5)
  An ooze (D:5)
  4 adder skeletons
  2 worms
  2 dart slugs
  A leopard gecko (D:3)
  22 orcs
  3 ball pythons
  4 giant cockroaches
  6 hobgoblins
  12 jackals
  2 quokkas
  7 bats
  4 frilled lizards
  5 goblins
  A jackal zombie (D:5)
  9 kobolds
  A leopard gecko skeleton (D:6)
  4 rats
137 creatures vanquished.

Notes
Turn   | Place    | Note
-------+----------+-------------------------------------------
     0 | D:1      | Dmuffinman the Minotaur Berserker began the quest for the
                  | Orb.
     0 | D:1      | Reached XP level 1. HP: 19/19 MP: 0/0
   107 | D:2      | Reached skill level 4 in Long Blades
   107 | D:2      | Reached XP level 2. HP: 18/27 MP: 1/1
   445 | D:3      | Found an ornate altar of the Wu Jian Council.
   454 | D:3      | Reached XP level 3. HP: 33/33 MP: 2/2
   483 | D:3      | Found a runed door.
   483 | D:3      | Noticed browni3141's ghost (amateur NaTm)
   506 | D:3      | Reached ** piety under Trog
   564 | D:3      | Killed browni3141's ghost
   564 | D:3      | Reached skill level 5 in Long Blades
   564 | D:3      | Reached XP level 4. HP: 41/41 MP: 3/3
   604 | D:3      | Noticed Terence
   615 | D:3      | Killed Terence
   615 | D:3      | Reached XP level 5. HP: 42/47 MP: 4/4
  1736 | D:2      | Found a snail-covered altar of Cheibriados.
  1855 | D:4      | Noticed Edmund
  1868 | D:3      | Reached skill level 6 in Long Blades
  2174 | D:4      | Killed Edmund
  2174 | D:4      | Reached skill level 5 in Fighting
  2174 | D:4      | Reached XP level 6. HP: 33/56 MP: 5/5
  2335 | D:4      | Reached *** piety under Trog
  2484 | D:4      | Found a glowing silver altar of Zin.
  2503 | D:5      | Entered Level 5 of the Dungeon
  2518 | D:5      | Reached skill level 7 in Long Blades
  2548 | D:5      | Reached XP level 7. HP: 61/61 MP: 6/6
  2711 | D:5      | Reached skill level 8 in Long Blades
  3537 | D:6      | Reached skill level 9 in Long Blades
  3546 | D:6      | Reached XP level 8. HP: 47/68 MP: 7/7
  3670 | D:6      | Found an ornate altar of the Wu Jian Council.
  3911 | D:5      | Reached **** piety under Trog
  4403 | D:5      | Reached skill level 10 in Long Blades
  4582 | D:6      | Found Wuzoakic's General Store.
  4612 | D:6      | Reached skill level 5 in Armour
  4704 | D:6      | Identified a scroll of acquirement
  4713 | D:6      | Identified a +0 pair of boots of running (You acquired it
                  | on level 6 of the Dungeon)
  4805 | D:6      | Reached skill level 5 in Dodging
  5572 | D:7      | Reached skill level 11 in Long Blades
  5617 | D:7      | Found a staircase to the Ecumenical Temple.
  5692 | D:8      | Reached XP level 9. HP: 75/75 MP: 8/8
  5695 | D:8      | Noticed Gastronok
  5708 | D:8      | Killed from afar by Gastronok

Vault maps used:
D:1:      minmay_arrival_jagged, hangedman_decor_diamond_cutter, glass_columns_a
D:2:      serial_bayou_pond_d, cheibriados_altar_1
D:3:      nicolae_overflow_crystal_walls, hellmonk_ghost_happy_afterlife,
          first_ration, uniq_terence
D:4:      zin_statuary, uniq_edmund
D:5:      minivault_27, minivault_11
D:6:      serial_shops, shop, basic_altar
D:7:      minmay_temple_entry_hall, minmay_joined_circles, uniq_pikel
D:8:      xom_confusion_cloud, hangedman_little_slice_of_home, trog_wizard,
          uniq_erica, uniq_harold, uniq_gastronok

Skill      XL: |  1  2  3  4  5  6  7  8 |
---------------+-------------------------+-----
Fighting       | 4 5 6 |  6.2
Long Blades    | 4 5 6 7 9 11 | 11.3
Dodging        | 3 4 5 |  5.1
Armour         | 3 4 5 |  5.5
Stealth        | |  0.4

Action                   |  1- 3 |  4- 6 |  7- 9 || total
-------------------------+-------+-------+-------++-------
Melee: Falchion          |    55 |   110 |   144 ||   309
       Headbutt          |     8 |    21 |    47 ||    76
       Great sword       |       |       |    33 ||    33
       Long sword        |       |       |     5 ||     5
Invok: Berserk           |     2 |     1 |     2 ||     5
       Trog's Hand       |       |     1 |     2 ||     3
  Use: Scroll            |     1 |     1 |    12 ||    14
       Potion            |       |       |     1 ||     1
  Eat: Chunk             |       |     5 |    12 ||    17
       Ration            |       |     1 |       ||     1
Armor: Animal skin       |     7 |       |       ||     7
       Chain mail        |    13 |    56 |    74 ||   143
Dodge: Dodged            |    36 |    56 |    88 ||   180
       Rpst.: Falchion   |    12 |    13 |    17 ||    42
       Great sword       |       |       |     8 ||     8
       Long sword        |       |       |     1 ||     1

Table legend:
 A = Non-vault XP
 B = Vault XP
 C = Vault XP percentage of total XP
 D = Non-vault monster count
 E = Vault monster count
 F = Vault count percentage of total count
                 A         B        C        D         E       F
            +---------+---------+-------+---------+---------+-------
      Total |    2518 |     323 |  11.4 |     134 |       3 |   2.2
            +---------+---------+-------+---------+---------+-------
        D:1 |      21 |       0 |   0.0 |      13 |       0 |   0.0
        D:2 |      77 |       0 |   0.0 |      16 |       0 |   0.0
        D:3 |      55 |     157 |  74.1 |      23 |       2 |   8.0
        D:4 |     388 |     166 |  30.0 |      13 |       1 |   7.1
        D:5 |     682 |       0 |   0.0 |      29 |       0 |   0.0
        D:6 |     830 |       0 |   0.0 |      20 |       0 |   0.0
        D:7 |     347 |       0 |   0.0 |      17 |       0 |   0.0
        D:8 |     118 |       0 |   0.0 |       3 |       0 |   0.0
            +---------+---------+-------+---------+---------+-------
